 Dungeon Crawl Stone Soup version 0.30-a0-920-g7493c07aab (webtiles) character file.

Game seed: 8140727107430410220

238 bande the Chopper (level 6, -5/38 HPs)
             Began as a Gargoyle Fighter on Mar 22, 2023.
             Slain by an orc
             ... wielding a +0 trident
              (6 damage)
             ... on level 4 of the Dungeon.
             The game lasted 00:04:21 (2647 turns).

bande the Chopper (Gargoyle Fighter)                Turns: 2647, Time: 00:04:23

Health: -5/38      AC: 13    Str: 19    XL:     6   Next: 7%
Magic:  6/6        EV:  9    Int:  9    God:
Gold:   188        SH:  4    Dex: 11    Spells: 5/5 levels left

rFire   . . .      SeeInvis .    a - +0 war axe
rCold   + . .      Faith    +    c - +0 buckler
rNeg    + . .      Spirit   .    o - +2 scale mail {rC+}
rPois   ∞          Reflect  .    (no helmet)
rElec   +          Rampage  .    (no cloak)
rCorr   .                        (no gloves)
Will    +....                    (no boots) Stlth
                                 i - amulet of faith
HPRegen 0.26/turn                s - ring of willpower
MPRegen 0.10/turn                (no ring)

@: brilliant, on berserk cooldown, attractive, slowed, very slow
A: sickness immunity, AC +4, negative energy resistance 1, electricity
resistance, torment resistance 1, petrification resistance
a: no special abilities


You were on level 4 of the Dungeon.
You visited 1 branch of the dungeon, and saw 4 of its levels.

You collected 188 gold pieces.

Inventory:

Hand Weapons
 a - a +0 war axe (weapon)
 q - a +0 flail
 r - a +2 mace of protection
Armour
 c - a +0 buckler (worn)
 o - a +2 scale mail of cold resistance (worn)
Jewellery
 i - an amulet of faith (around neck)
 s - a ring of willpower (left hand)
Wands
 v - a wand of flame (11)
Scrolls
 h - 2 scrolls of teleportation {unknown}
 k - 2 scrolls of identify {unknown}
 m - a scroll of blinking {unknown}
 n - a scroll of enchant armour {unknown}
 u - a scroll of amnesia {unknown}
 w - 2 scrolls of magic mapping {unknown}
 x - a scroll of enchant weapon {unknown}
Potions
 b - a potion of brilliance
 d - 2 potions of might
 e - 2 potions of attraction
 f - a potion of curing
 g - a potion of resistance {unknown}
 j - a potion of magic
 p - a potion of degeneration {unknown}
 t - a potion of flight {unknown}


   Skills:
 + Level 4.0 Fighting
 + Level 4.3 Axes
 + Level 4.2 Armour
 - Level 0.2 Dodging
 + Level 3.9 Shields


You had 5 spell levels left.
You didn't know any spells.
Your spell library contained the following spells:

 Spells                   Type           Power      Damage    Failure   Level
 Wereblood                Tmut           0%         N/A       93%         2
 Tukima's Dance           Hex            0%         N/A       99%         3
 Passage of Golubria      Tloc           0%         N/A       100%        4
 Yara's Violent Unravell  Hex/Tmut       0%         3d3       100%        5
 Summon Hydra             Summ           0%         N/A       100%        7
 Sublimation of Blood     Necr           Unusable   N/A       N/A         2

Dungeon Overview and Level Annotations

Branches:
Dungeon (4/15)
 Temple: D:4-7

Altars:
Ashenzari
Elyvilon
Gozag
Qazlal
Uskayaw
Wu Jian
The Shining One


Innate Abilities, Weirdness & Mutations

You are immune to sickness and miasma.
Your stone body is resilient. (AC +4)
You are immune to poison.
You resist negative energy. (rN+)
You are resistant to electric shocks. (rElec)
You are resistant to unholy torment.
You are immune to petrification.


Message History

You barely miss the orc.
The orc is heavily wounded.
The orc closely misses you.
You slice the orc!!
You kill the orc!
The kobold is attracted toward you.
You miss something. You miss something. Something hits you but does no damage.
You slash something!
Reactivating autopickup.
You feel a bit more experienced. The kobold is attracted toward you.
The orc is attracted toward you.
Your Fighting skill increases to level 4!
You have reached level 6!
You hit the orc.
The orc is severely wounded.
The orc hits you with a +0 dagger.
* * * LOW HITPOINT WARNING * * *
You barely miss the orc.
The orc is severely wounded.
The orc hits you with a +0 dagger.
* * * LOW HITPOINT WARNING * * *
You closely miss the orc.
The orc is severely wounded.
The orc hits you but does no damage.
You slash the orc!
You kill the orc!
The kobold is attracted toward you. The orc priest is attracted toward you.
You slash the kobold!
You kill the kobold!
You are no longer berserk.
You are exhausted.
You feel yourself slow down. The orc is attracted toward you.
You closely miss the orc priest. The orc hits you but does no damage.
The orc priest mumbles some strange prayers to Beogh against you.
Beogh smites you!
* * * LOW HITPOINT WARNING * * *
The orc priest misses you.
The orc hits you from afar with a +0 trident.
You die...

.....# .... .... ...
#o§ #o# #.. #o# #.#
+## ##@## #.# #..
##...## #.# #..
##.....## ##.# #..
##.......## ##..# #≈≈
#.........####...#####
+.........+...........
#.........####...##.##
##.......## #..###.##
##.....## #.####.##


You could see an orc priest and 2 orcs.

Vanquished Creatures
  A hound (D:4)
  3 orc wizards (D:4)
  An adder (D:4)
  An ufetubus (D:3)
  2 worms (D:2)
  3 dart slugs
  11 orcs
  11 endoplasms
  5 giant cockroaches
  9 goblins
  13 hobgoblins
  5 quokkas
  6 ball pythons
  4 bats
  3 frilled lizards
  9 kobolds
  4 rats (D:1)
91 creatures vanquished.

Notes
Turn   | Place    | Note
-------+----------+-------------------------------------------
     0 | D:1      | bande the Gargoyle Fighter began the quest for the Orb.
     0 | D:1      | Reached XP level 1. HP: 14/14 MP: 1/1
   299 | D:1      | Reached XP level 2. HP: 19/19 MP: 2/2
   478 | D:1      | Reached XP level 3. HP: 23/23 MP: 3/3
  1013 | D:2      | Reached XP level 4. HP: 26/28 MP: 4/4
  1419 | D:3      | Found a hide-covered altar of Uskayaw.
  1709 | D:3      | Found a broken altar of Ashenzari.
  1780 | D:3      | Found a stormy altar of Qazlal.
  1840 | D:3      | Found an opulent altar of Gozag.
  1840 | D:3      | Found an ornate altar of the Wu Jian Council.
  1899 | D:3      | Found a glowing golden altar of the Shining One.
  2291 | D:4      | Identified the +10 spear "Migrular" {venom, Int+7 SInv
                  | Stlth-}
  2302 | D:4      | Reached XP level 5. HP: 33/33 MP: 5/5
  2398 | D:4      | Found a white marble altar of Elyvilon.
  2642 | D:4      | Reached XP level 6. HP: 19/38 MP: 6/6
  2647 | D:4      | HP: 1/38 [orc priest/divine providence (8)]
  2647 | D:4      | Slain by an orc

Illustrated notes

Levels and vault maps discovered:
D:1:      dpeg_arrival_central, layout_basic
D:2:      layout_rooms, hangedman_decor_peaks_small, minmay_tree_intersection,
          chequers_serial_rivers_marsh
D:3:      layout_rooms, gammafunk_temple_overflow_pools,
          nicolae_qazlal_eye_of_the_storm, nicolae_ashenzari_panopticon,
          marbit_many_paths, amcnicky_altar_gilded
D:4:      layout_loops_corners, lemuel_round_altar,
          chequers_serial_rivers_room_a

Skill      XL: |  1  2  3  4  5 |
---------------+----------------+-----
Axes           | 2 3 4 |  4.3
Armour         | 4 |  4.2
Fighting       | 4 |  4.0
Dodging        | |  0.2
Shields        | |  3.9

Action                     |  1- 3 |  4- 6 || total
---------------------------+-------+-------++-------
  Melee: War axe           |   107 |   159 ||   266
    Use: Potion            |       |     5 ||     5
 Armour: Scale mail        |    70 |   104 ||   174
  Dodge: Dodged            |    43 |    61 ||   104
  Block: Buckler           |    25 |    32 ||    57

Table legend: (Time is in decaauts)
 A = Elapsed time spent in this place.
 B = Non-inter-level travel time spent in this place.
 C = Inter-level travel time spent in this place.
 D = Time resting spent in this place.
 E = Time spent auto-exploring this place.
 F = Levels seen in this place.
 G = Mean time per level.
                   A        B        C        D        E       F      G
               +--------+--------+--------+--------+--------+-----+--------+
         Total |   2746 |   2621 |    125 |    145 |   1797 |   4 |  686.5 |
       Dungeon |   2746 |   2621 |    125 |    145 |   1797 |   4 |  686.5 |
               +--------+--------+--------+--------+--------+-----+--------+

Top non-repeatable levels by time:
     D:1: 876 daAuts
     D:3: 713 daAuts
     D:2: 605 daAuts
     D:4: 551 daAuts
